 Dungeon Crawl Stone Soup version 0.26.1-2-gb8aa6d0cf2 (webtiles) character file.

Game seed: 11306902605349588105

966 Cykl0x the Slasher (level 7, 0/60 (61) HPs)
             Began as a Minotaur Fighter on Mar 26, 2021.
             Slain by Edmund
             ... wielding a +2 dire flail of draining
              (12 damage)
             ... on level 5 of the Dungeon.
             The game lasted 00:08:04 (4228 turns).

Cykl0x the Slasher (Minotaur Fighter)               Turns: 4228, Time: 00:08:05

HP:   0/60 (61)     AC: 12    Str: 23    XL:     7   Next: 93%
MP:   6/6           EV:  8    Int:  5    God:
Gold: 175           SH: 12    Dex: 15    Spells: 6/6 levels left

rFire    . . .     SeeInvis .   a - +1 long sword
rCold    . . .     Faith    .   c - +1 kite shield
rNeg     . . .     Spirit   .   r - +0 chain mail
rPois    .         Reflect  .   (helmet restricted)
rElec    .         Harm     .   x - +0 cloak {rCorr}
rCorr    +         Rampage  .   (no gloves)
Will     +....                  f - +0 pair of boots
Stlth    ..........             (no amulet)
HPRegen  0.20/turn              m - ring of willpower
MPRegen  0.10/turn              y - +6 ring of dexterity

@: lightly drained
A: retaliatory headbutt, horns 2
a: no special abilities


You were on level 5 of the Dungeon.
You visited 1 branch of the dungeon, and saw 5 of its levels.
You also visited: Ossuary.

You collected 294 gold pieces.
You spent 119 gold pieces at shops.

Inventory:

Hand Weapons
 a - a +1 long sword (weapon)
Missiles
 g - 183 stones
 h - 26 poisoned darts (quivered)
Armour
 b - a +0 scale mail
 c - a +1 kite shield (worn)
 f - a +0 pair of boots (worn)
 r - a +0 chain mail (worn)
 x - a +0 cloak of preservation (worn)
Jewellery
 j - an uncursed ring of fire
 k - an uncursed ring of ice
 m - a ring of willpower (left hand)
 y - a +6 ring of dexterity (right hand)
Wands
 v - a wand of random effects (18)
Scrolls
 p - 2 scrolls of magic mapping
 q - 3 scrolls of teleportation
 s - a scroll of fear
 t - a scroll of enchant weapon
 z - 2 scrolls of blinking
 A - a scroll of random uselessness
 C - a scroll of immolation
Potions
 d - 2 potions of might
 e - a potion of magic
 i - 5 potions of haste
 l - a potion of brilliance {unknown}
 n - a potion of flight {unknown}
 o - 2 potions of curing
 u - a potion of degeneration {unknown}
 w - 2 potions of mutation {unknown}
 B - a potion of attraction {unknown}


   Skills:
 + Level 5.2 Fighting
 + Level 6.5 Long Blades
 + Level 1.5 Throwing
 + Level 5.3 Armour
 * Level 4.3 Dodging
 + Level 5.9 Shields


You had 6 spell levels left.
You didn't know any spells.
Your spell library was empty.

Dungeon Overview and Level Annotations

Branches:
Dungeon (5/15)            Ossuary (visited)
 Temple: D:4-7

Altars:
Fedhas

Shops:
D:4 ?   D:5 [

Annotations:
D:5 Edmund


Innate Abilities, Weirdness & Mutations

You reflexively headbutt those who attack you in melee.
You have a pair of horns on your head.


Message History

The poisoned dart hits the centaur skeleton.
The centaur skeleton is severely damaged.
Throw: 27 darts (poison)
Press: ? - help, Q - select action, (/) - cycle Shift-Dir - straight line, f/p - Edmund
Aim: Edmund, wielding a +2 dire flail of draining, wearing a +0 scale mail and carrying a wand of digging (1) (heavily wounded, strong, 64% to hit)
You throw a poisoned dart. The poisoned dart hits Edmund.
Edmund is poisoned.
Edmund is heavily wounded.
You closely miss Edmund. You headbutt Edmund.
Edmund is heavily wounded.
Edmund hits you with a +2 dire flail of draining!
* * * LOW HITPOINT WARNING * * *
You feel drained.
* * * LOW HITPOINT WARNING * * *
You barely miss Edmund. Your headbutt misses Edmund.
Edmund is heavily wounded.
You block Edmund's attack.
You hit Edmund. You headbutt Edmund!
Edmund is almost dead.
Edmund hits you with a +2 dire flail of draining!
You die...

...#*#..##..#.#
*,,,,,,,,,* ##.#
*#..##.#.#
***,***,*,*** #.#
*#..###.# #.# *,*>**,
##.####*#..##.## #.#
*,*,**,
#.....##*#..#.^# #.#
*,*,##, #......#
*#....# ##.###.*..#,
#.._...# ##.#.#
#.$...,..,,, #......#
#...#######..###.#*,*,
#......#
#....@@Z((......(##.#,
####.#.#
#.#######............,
#...# #.#
###...##.....*
###.#####.####
#..##***#.O*
#.##.......#
#..#*****,,*
#....#####.#
....,,,,,,,,
#########.# *,#*
.##.##****,,,
.†........# *,,* ##
#.# *,*** #########.#
*,,*****#.# *,* *


You could see Edmund (strong, poisoned) and a centaur skeleton.

Vanquished Creatures
  Menkaure (D:5)
  2 sky beasts (D:5)
  An elf zombie (Ossuary)
  A scorpion (D:4)
  A howler monkey (D:5)
  A quasit (D:5)
  2 hounds (D:5)
  Crazy Yiuf (D:3)
  A centaur zombie (Ossuary)
  Terence (D:2)
  An iguana (D:4)
  A worker ant (D:5)
  A big kobold zombie (Ossuary)
  A hound skeleton (D:3)
  3 mummies
  Robin (D:3)
  A howler monkey skeleton (D:5)
  7 adders
  An adder skeleton (D:5)
  4 worms
  5 leopard geckos
  8 orcs
  2 bat zombies (D:1)
  6 giant cockroaches
  14 goblins
  9 hobgoblins
  3 jackals (D:2)
  A quokka (D:2)
  7 bats
  2 frilled lizards
  11 hobgoblin zombies (Ossuary)
  4 jackal zombies (Ossuary)
  9 kobolds
  5 kobold zombies (Ossuary)
  12 orc zombies (Ossuary)
  6 rats
  2 rat zombies (Ossuary)
139 creatures vanquished.

Vanquished Creatures (others)
  A fungus (D:3)
1 creature vanquished.

Grand Total: 140 creatures vanquished

Notes
Turn   | Place    | Note
-------+----------+-------------------------------------------
     0 | D:1      | Cykl0x the Minotaur Fighter began the quest for the Orb.
     0 | D:1      | Reached XP level 1. HP: 19/19 MP: 0/0
   175 | D:1      | Reached XP level 2. HP: 27/27 MP: 1/1
   333 | D:1      | Reached skill level 1 in Dodging
   600 | D:1      | Reached XP level 3. HP: 33/33 MP: 2/2
  1223 | D:2      | Noticed Terence
  1231 | D:2      | Killed Terence
  1232 | D:2      | Reached skill level 3 in Long Blades
  1260 | D:2      | Reached XP level 4. HP: 40/40 MP: 3/3
  2007 | D:3      | Noticed Robin
  2014 | D:3      | Killed Robin
  2217 | D:3      | Reached XP level 5. HP: 43/47 MP: 4/4
  2353 | D:3      | Found a runed translucent door.
  2354 | D:3      | Noticed Crazy Yiuf
  2362 | D:3      | Killed Crazy Yiuf
  2481 | D:3      | Reached skill level 4 in Long Blades
  3110 | D:4      | Found Weekhliho's Magic Scroll Boutique.
  3178 | D:4      | Bought a scroll of remove curse for 42 gold pieces
  3178 | D:4      | Bought a scroll of identify for 28 gold pieces
  3178 | D:4      | Bought a scroll of immolation for 49 gold pieces
  3241 | D:4      | Reached skill level 1 in Throwing
  3288 | D:4      | Reached skill level 5 in Shields
  3288 | D:4      | Reached XP level 6. HP: 48/53 MP: 5/5
  3628 | D:5      | Entered Level 5 of the Dungeon
  3656 | D:5      | Noticed a sky beast
  3674 | D:5      | Killed a sky beast
  3683 | D:5      | Noticed a sky beast
  3693 | D:5      | Killed a sky beast
  3694 | D:5      | Reached skill level 5 in Long Blades
  3694 | D:5      | Reached XP level 7. HP: 42/60 MP: 6/6
  3710 | D:5      | Found a blossoming altar of Fedhas.
  3741 | D:5      | Reached skill level 5 in Armour
  3751 | D:5      | Found Pocvog's Antique Armour Emporium.
  3820 | D:5      | Found a sand-covered staircase.
  3828 | Ossuary  | Entered an ossuary
  4027 | Ossuary  | Reached skill level 5 in Fighting
  4128 | Ossuary  | Reached skill level 6 in Long Blades
  4204 | D:5      | Noticed Menkaure
  4208 | D:5      | Noticed Edmund
  4211 | D:5      | Killed Menkaure
  4228 | D:5      | Slain by Edmund

Illustrated notes

Levels and vault maps discovered:
D:1:      saegor_arrival_fortress, layout_loops_ring,
          ebering_dispersal_statue_hall
D:2:      layout_loops_cross, uniq_terence
D:3:      layout_basic, minmay_misc_feat_rugged, uniq_crazy_yiuf_cottage,
          uniq_robin
D:4:      layout_basic, serial_shops, shop_fountains
D:5:      minmay_clustersquares, layout_loops_ring, basic_altar, serial_shops,
          shop, gup_ossuary_entry_pyramid, uniq_menkaure, uniq_blork_the_orc,
          uniq_edmund

Skill      XL: |  1  2  3  4  5  6  7 |
---------------+----------------------+-----
Shields        | 4 5 |  5.9
Dodging        | 1 2 3 4 |  4.3
Fighting       | 4 5 |  5.2
Long Blades    | 3 4 5 6 |  6.5
Armour         | 4 5 |  5.3
Throwing       | 1 |  1.5

Action                   |  1- 3 |  4- 6 |  7- 9 || total
-------------------------+-------+-------+-------++-------
Melee: Long sword        |    73 |   160 |   121 ||   354
       Headbutt          |     9 |    22 |    29 ||    60
Throw: Stone             |    14 |    62 |       ||    76
       Dart              |       |       |     3 ||     3
  Use: Scroll            |     4 |     9 |     1 ||    14
       Potion            |       |       |     1 ||     1
Armor: Scale mail        |    46 |     4 |       ||    50
       Chain mail        |       |    69 |    36 ||   105
Dodge: Dodged            |    23 |    38 |    54 ||   115
Block: Kite shield       |    44 |   104 |    73 ||   221
       Rpst.: Long sword |     3 |    12 |    14 ||    29
